 Dungeon Crawl Stone Soup version 0.21.0-24-g2553a3340b (webtiles) character file.

291673 Rrauwl the Executioner (level 20, -2/199 HPs)
             Began as a Minotaur Monk on Jan 19, 2018.
             Was the Champion of the Shining One.
             Slain by an azure jelly (5 damage)
             ... on level 5 of the Pits of Slime on Jan 20, 2018.
             The game lasted 02:21:46 (32119 turns).

Rrauwl the Executioner (Minotaur Monk)             Turns: 32119, Time: 02:21:47

Health: -2/199     AC: 27    Str: 29    XL:     20   Next: 31%
Magic:  4/27       EV: 10    Int:  9    God:    the Shining One [******]
Gold:   1318       SH: 25    Dex: 14    Spells: 17/19 levels left

rFire    . . .     SeeInvis .   a - +9 broad axe (chop)
rCold    + . .     Gourm    .   U - +2 large shield
rNeg     + + +     Faith    .   t - +4 crystal plate armour "Vutritim" {Int+2}
rPois    +         Spirit   .   (helmet unavailable)
rElec    +         Reflect  .   L - scarf {repulsion}
rCorr    +         Harm     .   H - +1 pair of gloves "Nerulu" {rElec rPois Regen+}
MR       ++...     Rnd*Tele +   q - +2 pair of boots {Fly}
Stlth    ..........             R - amulet of rage
HPRegen  0.83/turn              N - ring of resist corrosion
MPRegen  0.20/turn              o - ring of protection from cold

@: berserking (expiring), corroded, flying, glowing, repel missiles, very quick
A: retaliatory headbutt, horns 3, deterioration 2, frail 3, magic resistance 1,
poison resistance, screaming 1, teleportitis 1, MP-powered wands
}: 1/15 runes: serpentine
a: Divine Shield, Cleansing Flame, Summon Divine Warrior, Brand Weapon With Holy
Wrath, Renounce Religion, Evoke Berserk Rage, Stop Flying


You were on level 5 of the Pits of Slime.
You worshipped the Shining One.
The Shining One was exalted by your worship.
You were not hungry.

You visited 8 branches of the dungeon, and saw 36 of its levels.
You also visited: Trove.

You collected 3302 gold pieces.
You spent 1984 gold pieces at shops.

Inventory:

Hand Weapons
 a - a +9 broad axe of chopping (weapon)
 c - a +1 morningstar of protection
 d - a +9 broad axe
Missiles
 x - 8 throwing nets (quivered)
Armour
 q - a +2 pair of boots of flying (worn)
 t - the +4 crystal plate armour "Vutritim" (worn) {Int+2}
   (You acquired it on level 13 of the Dungeon)

   It affects your intelligence (+2).
 H - the +1 pair of gloves "Nerulu" (worn) {rElec rPois Regen+}
   (You bought it in a shop on level 1 of the Depths)

   It insulates you from electricity.
   It protects you from poison.
   It increases your rate of regeneration.
 L - a scarf of repulsion (worn)
 U - a +2 large shield (worn)
Jewellery
 g - a +5 ring of protection
 m - an uncursed ring of protection from fire
 o - a ring of protection from cold (right hand)
 N - a ring of resist corrosion (left hand)
 R - an amulet of rage (around neck)
Wands
 r - a wand of flame (96)
 s - a wand of enslavement (21)
 u - a wand of digging (29)
 v - a wand of acid (17)
 K - a wand of iceblast (8)
 Q - a wand of paralysis (22)
Scrolls
 i - 11 scrolls of identify
 k - 13 scrolls of remove curse
 l - 12 scrolls of teleportation
 w - 6 scrolls of magic mapping
 y - a scroll of fear
 A - 3 scrolls of blinking
Potions
 f - 7 potions of curing
 h - 4 potions of cancellation
 z - 3 potions of heal wounds
 C - 3 potions of agility
 E - 7 potions of haste
 F - 3 potions of might
 J - a potion of berserk rage
Miscellaneous
 M - a lightning rod (4/4)
 O - a phial of floods
Comestibles
 e - 30 rations


   Skills:
 + Level 19.4 Fighting
 + Level 21.2 Axes
 + Level 17.7 Armour
 - Level 10.0 Dodging
 - Level 2.0 Stealth
 + Level 17.7 Shields
 - Level 11.0 Invocations
 - Level 10.0 Evocations


You had 17 spell levels left.
You knew the following spells:

 Your Spells              Type           Power        Failure   Level  Hunger
a - Blink                 Tloc           N/A          100%        2    ###....


Dungeon Overview and Level Annotations

Branches:
Dungeon (15/15)            Temple (1/1) D:5            Lair (6/6) D:8
 Shoals (0/4) Lair:3        Snake (4/4) Lair:3        Slime (5/5) Lair:5
    Orc (2/2) D:10            Elf (1/3) Orc:2        Vaults (0/5) D:14
 Depths (2/5) D:15

Altars:
Ashenzari
Cheibriados
Dithmenos
Elyvilon
Fedhas
Gozag
Hepliaklqana
Kikubaaqudgha
Makhleb
Nemelex Xobeh
Okawaru
Qazlal
Ru
Sif Muna
Trog
Uskayaw
Vehumet
Wu Jian
Xom
Yredelemnul
Zin
The Shining One
Beogh

Shops:
D:4 :   D:10 ![=[   D:11 ?   D:13 :(   Orc:2 [*(:   Snake:1 (   Snake:4 :(:!
Depths:1 *%[=   Depths:2 }=}

Portals:
Hell: Depths:1 Depths:2
Abyss: Depths:1
Pandemonium: Depths:2


Innate Abilities, Weirdness & Mutations

You reflexively headbutt those who attack you in melee.
You have a pair of large horns on your head.
Your body often deteriorates upon taking damage.
You are extremely frail. (-30% HP)
You are resistant to hostile enchantments. (MR+)
Your system is resistant to poisons. (rPois)
You occasionally shout uncontrollably at your foes.
You are occasionally teleported next to monsters.
You expend magic power (3 MP) to strengthen your wands.


Message History

The death ooze is moderately damaged.
You slash the azure jelly! You hit the azure jelly. You slash the azure jelly!
You slice the acid blob!!
Your hands burn!
* * * LOW HITPOINT WARNING * * *
You block the azure jelly's attack.
The azure jelly hits you but does no damage.
You block the azure jelly's attack. x2; You block the acid blob's attack.
The azure jelly hits you but does no damage. x2
You block the azure jelly's attack. The azure jelly closely misses you.
You carve the death ooze like a ham!!!
You destroy the death ooze!
That felt strangely unrewarding.
You slice the acid blob!!
You kill the acid blob!
That felt strangely unrewarding.
You slice the azure jelly like a ripe choko!!!
You kill the azure jelly!
That felt strangely unrewarding.
Your crystal plate armour "Vutritim" prevents you from hitting the azure jelly. x2
You block the azure jelly's attack. The azure jelly hits you.
You die...

##.............
#..............
###..............
##................
#.................
###.................
#...................
###..J................
##....@................
#.....J..............
#...................
.....................
....................
....................
....................
....................
...................


You could see 2 azure jellies.

Vanquished Creatures
  the Royal Jelly (Slime:5)
  Bai Suzhen (Snake:3)
  The ghost of topfpfpflanze the Severer, an adept MiFi of Okawaru (Depths:1)
  A sphinx (Depths:2)
  26 acid blobs
  A tengu reaver (Depths:1)
  17 azure jellies
  8 nagarajas
  3 fire giants (Depths:1)
  Louise (Depths:1)
  A frost giant (Depths:2)
  2 orc warlords
  A balrug (Depths:1)
  6 stone giants
  7 very ugly things (Depths:2)
  3 dire elephants (Lair:6)
  A lorocyproca (Depths:2)
  10 death oozes
  The ghost of VanClaymore the Impaler, a journeyman MfGl of Wu Jian (D:11)
  7 ettins
  A fire dragon (Depths:2)
  3 merfolk javelineers (Depths:2)
  Josephine (Lair:4)
  Harold (D:10)
  9 great orbs of eyes
  4 ice dragons
  8 vault guards (D:14)
  A monstrous demonspawn (Depths:2)
  5 centaur warriors
  Erolcha (D:13)
  A rakshasa (Depths:1)
  16 naga warriors
  12 hydras
  9 anacondas
  2 death knights
  5 ogre magi
  16 two-headed ogres
  2 tengu warriors (Depths:1)
  A titan zombie (D:15)
  5 deep troll shamans (Depths:2)
  A vampire mage (D:15)
  7 death yaks
  6 hell knights (Depths:1)
  An orc high priest (Orc:2)
  9 naga sharpshooters
  4 deep troll earth magi
  2 sun demons (Depths:1)
  13 shock serpents
  Urug (D:13)
  3 salamander mystics (Snake:3)
  3 iron trolls (Depths:2)
  2 skeletal warriors (D:15)
  2 unseen horrors
  A flayed ghost (Depths:2)
  13 deep trolls (Depths:2)
  A tengu zombie (D:15)
  13 naga ritualists
  2 wizards (Depths:1)
  4 glowing orange brains
  Pikel (D:7)
  A torturous demonspawn (Depths:2)
  A phantasmal warrior (D:15)
  3 necromancers
  2 deep elf magi
  5 orc knights
  15 mana vipers
  13 ugly things
  6 orc sorcerers
  A wolf spider zombie (D:15)
  12 shining eyes
  An oklob plant (Lair:5)
  3 cyclopes
  11 elephants
  17 salamanders
  2 manticores
  A centaur zombie (D:11)
  Maurice (Orc:1)
  A guardian serpent (Snake:4)
  A rust devil (Depths:2)
  57 black mambas
  6 eyes of devastation
  A fire giant skeleton (D:15)
  10 spiny frogs
  20 naga magi
  2 centaur skeletons
  6 freezing wraiths
  2 yaktaurs (Depths:1)
  3 komodo dragons
  A rime drake (D:15)
  A redback zombie (D:14)
  2 guardian mummies (D:11)
  A tengu conjurer (Depths:1)
  3 trolls
  A hornet (D:8)
  2 polar bears
  A raiju (shapeshifter) (Depths:1)
  3 meliai (D:14)
  A snapping turtle (Lair:3)
  7 blink frogs
  6 dream sheep (Lair:4)
  An ice dragon zombie (D:15)
  84 slime creatures
  18 hippogriffs
  A centaur simulacrum (D:10)
  5 water elementals (Depths:2)
  5 wraiths
  A vampire (D:10)
  55 yaks
  8 wyverns
  A chaos spawn (Depths:2)
  8 basilisks
  2 golden eyes (Slime:3)
  8 vampire mosquitoes (D:12)
  3 hungry ghosts
  2 steam dragons
  Grum (D:10)
  Menkaure (D:5)
  52 nagas
  2 wargs
  Duvessa (D:5)
  13 water moccasins
  2 acid dragons
  2 hell hounds (D:15)
  The ghost of GuyWithAPlan the Chucker, an amateur OgHu (D:4)
  11 porcupines
  5 ice beasts
  4 sky beasts
  7 eyes of draining
  33 orc warriors
  3 black bears
  A necrophage (D:11)
  4 slaves (D:7)
  18 ogres
  21 wolves
  9 centaurs
  16 crocodiles
  19 bullfrogs
  2 big kobolds
  Dowan (D:5)
  4 scorpions
  8 killer bees
  4 wights (D:13)
  3 howler monkeys
  2 bullfrog zombies
  10 crimson imps
  9 hounds
  Crazy Yiuf (D:3)
  26 orc wizards
  3 jellies
  23 orc priests
  3 bullfrog skeletons
  An iron imp (Depths:2)
  Jessica (D:3)
  Natasha (twice) (D:3)
  2 hell rats (Lair:2)
  3 iguanas
  12 worker ants
  A hound zombie (D:5)
  2 howler monkey zombies
  2 worker ant zombies
  13 gnolls
  10 river rats (Lair:2)
  10 adders
  A howler monkey skeleton (D:11)
  A hound simulacrum (D:10)
  3 shadow imps
  2 white imps (D:10)
  2 adder skeletons
  An adder zombie (D:10)
  A worm (D:2)
  A dart slug (D:3)
  6 leopard geckos
  108 orcs
  10 bats
  5 giant cockroaches
  4 goblins
  10 hobgoblins
  15 jackals
  4 quokkas
  8 frilled lizards
  A jackal skeleton (D:7)
  20 kobolds
  A quokka simulacrum (D:10)
  A quokka skeleton (D:6)
  A quokka zombie (D:9)
  9 rats
  4 fungi
  7 plants
1336 creatures vanquished.

Vanquished Creatures (collateral kills)
  An azure jelly (Slime:5)
  Fannar (D:10)
  A centaur (D:4)
3 creatures vanquished.

Vanquished Creatures (others)
  A bush (Lair:4)
  4 fungi
  7 plants
12 creatures vanquished.

Grand Total: 1351 creatures vanquished

Notes
Turn   | Place    | Note
-------+----------+-------------------------------------------
     0 | D:1      | Rrauwl the Minotaur Monk began the quest for the Orb.
     0 | D:1      | Reached XP level 1. HP: 19/19 MP: 0/0
   173 | D:1      | Reached XP level 2. HP: 23/27 MP: 1/1
   291 | D:1      | Reached skill level 1 in Armour
   785 | D:1      | Reached XP level 3. HP: 33/33 MP: 2/2
  1025 | D:2      | Reached skill level 4 in Axes
  1452 | D:2      | Reached XP level 4. HP: 40/40 MP: 3/3
  1906 | D:3      | Reached XP level 5. HP: 42/47 MP: 4/4
  1995 | D:3      | Noticed Jessica
  1998 | D:3      | Found a snail-covered altar of Cheibriados.
  2005 | D:3      | Killed Jessica
  2005 | D:3      | Reached skill level 5 in Fighting
  2093 | D:3      | Found a sacrificial altar of Ru.
  2201 | D:3      | Noticed Natasha
  2207 | D:3      | Killed Natasha
  2207 | D:3      | Reached skill level 5 in Axes
  2288 | D:3      | Noticed Natasha
  2294 | D:3      | Killed Natasha
  2432 | D:3      | Found a runed door.
  2438 | D:3      | Noticed Crazy Yiuf
  2442 | D:3      | Killed Crazy Yiuf
  2442 | D:3      | Reached XP level 6. HP: 55/56 MP: 5/5
  2641 | D:4      | Reached skill level 6 in Axes
  2673 | D:4      | Reached skill level 5 in Armour
  2675 | D:4      | Reached XP level 7. HP: 36/61 MP: 6/6
  2677 | D:4      | Found Mapask's Book Shop.
  3027 | D:4      | Noticed GuyWithAPlan's ghost (amateur OgHu)
  3040 | D:4      | Killed GuyWithAPlan's ghost
  3066 | D:4      | Reached skill level 7 in Axes
  3214 | D:5      | Entered Level 5 of the Dungeon
  3237 | D:5      | Found a glowing silver altar of Zin.
  3499 | D:5      | Reached skill level 8 in Axes
  3499 | D:5      | Reached XP level 8. HP: 68/68 MP: 7/7
  3531 | D:5      | Noticed Menkaure
  3542 | D:5      | Killed Menkaure
  3982 | D:5      | Found a staircase to the Ecumenical Temple.
  3991 | Temple   | Entered the Ecumenical Temple
  4104 | Temple   | Became a worshipper of the Shining One
  4104 | Temple   | Reached * piety under the Shining One
  4104 | Temple   | Reached ** piety under the Shining One
  4215 | D:5      | Noticed Dowan
  4219 | D:5      | Noticed Duvessa
  4235 | D:5      | Killed Dowan
  4235 | D:5      | Reached skill level 9 in Axes
  4243 | D:5      | Killed Duvessa
  4803 | D:6      | Found a blossoming altar of Fedhas.
  4901 | D:6      | Found a glowing golden altar of the Shining One.
  4954 | D:6      | Reached skill level 1 in Invocations
  4967 | D:6      | Reached skill level 10 in Axes
  5076 | D:6      | Found an ancient bone altar of Kikubaaqudgha.
  5077 | D:6      | Found an opulent altar of Gozag.
  5077 | D:6      | Found a shattered altar of Ashenzari.
  5078 | D:6      | Found a white marble altar of Elyvilon.
  5206 | D:6      | Reached XP level 9. HP: 75/75 MP: 9/9
  5300 | D:6      | Identified a scroll of acquirement
  5415 | D:7      | Found a shimmering altar of Xom.
  5960 | D:7      | Reached skill level 1 in Shields
  5991 | D:7      | Noticed Pikel
  6033 | D:7      | Killed Pikel
  6033 | D:7      | Reached skill level 11 in Axes
  6198 | D:8      | Reached skill level 5 in Shields
  6210 | D:8      | Noticed a two-headed ogre
  6314 | D:8      | Killed a two-headed ogre
  6314 | D:8      | Reached skill level 12 in Axes
  6314 | D:8      | Reached XP level 10. HP: 64/83 MP: 12/12
  6458 | D:8      | Reached skill level 1 in Evocations
  6460 | D:8      | Found a staircase to the Lair.
  6754 | D:8      | Found a blossoming altar of Fedhas.
  6754 | D:8      | Found a shadowy altar of Dithmenos.
  6861 | D:9      | Reached *** piety under the Shining One
  6952 | D:9      | Reached skill level 5 in Invocations
  7633 | D:10     | Entered Level 10 of the Dungeon
  7684 | D:10     | Noticed Fannar
  7695 | D:10     | Killed Fannar
  7695 | D:10     | Reached skill level 13 in Axes
  7705 | D:10     | Noticed Harold
  7705 | D:10     | Found Bixa's Distillery.
  7716 | D:10     | Killed Harold
  7716 | D:10     | Reached XP level 11. HP: 92/92 MP: 13/13
  7722 | D:10     | Bought a potion of haste for 130 gold pieces
  7722 | D:10     | Bought a potion of heal wounds for 65 gold pieces
  7722 | D:10     | Bought a potion of haste for 130 gold pieces
  7722 | D:10     | Bought a potion of might for 52 gold pieces
  7722 | D:10     | Bought a potion of might for 52 gold pieces
  7833 | D:10     | Got an encrusted scale mail
  7845 | D:10     | Identified the cursed +0 scale mail of Hosazat {rElec MR- Str+2} (You found it on level 10 of the Dungeon)
  7926 | D:10     | Found a staircase to the Orcish Mines.
  8004 | D:10     | Found Riosup's Antique Armour Shop.
  8075 | D:10     | Reached **** piety under the Shining One
  8089 | D:10     | Noticed Grum
  8097 | D:10     | Killed Grum
  8128 | D:10     | Found Fontyuh's Armour Shop.
  8135 | D:10     | Bought a +2 pair of boots for 198 gold pieces
  8184 | D:10     | Found Poat's Jewellery Shoppe.
  8427 | Lair:1   | Entered Level 1 of the Lair of Beasts
  8427 | Lair:1   | Noticed a seven-headed hydra
  8432 | Lair:1   | Killed a seven-headed hydra
  8432 | Lair:1   | Reached skill level 14 in Axes
  8811 | Lair:1   | Reached skill level 15 in Axes
  9489 | Lair:2   | Noticed an eight-headed hydra
  9491 | Lair:2   | Killed a nine-headed hydra
  9491 | Lair:2   | Reached skill level 16 in Axes
  9706 | Lair:2   | Reached XP level 12. HP: 95/102 MP: 14/14
 10475 | Lair:3   | Found a staircase to the Snake Pit.
 10517 | Lair:3   | Noticed a six-headed hydra
 10522 | Lair:3   | Killed a six-headed hydra
 10608 | Lair:3   | Found a staircase to the Shoals.
 10814 | Lair:3   | Noticed a seven-headed hydra
 10819 | Lair:3   | Killed a seven-headed hydra
 11302 | Lair:4   | Noticed a six-headed hydra
 11306 | Lair:4   | Killed a six-headed hydra
 11306 | Lair:4   | Reached skill level 10 in Shields
 11312 | Lair:4   | Reached skill level 10 in Armour
 11332 | Lair:4   | Noticed a death yak
 11333 | Lair:4   | Noticed a death yak
 11333 | Lair:4   | Noticed a death yak
 11348 | Lair:4   | Noticed a death yak
 11369 | Lair:4   | Killed a death yak
 11369 | Lair:4   | Reached skill level 10 in Fighting
 11382 | Lair:4   | Killed a death yak
 11382 | Lair:4   | Reached skill level 17 in Axes
 11388 | Lair:4   | Killed a death yak
 11395 | Lair:4   | Killed a death yak
 11395 | Lair:4   | Reached XP level 13. HP: 111/113 MP: 16/16
 11658 | Lair:4   | Gained mutation: Your muscles are strong. (Str +2) [potion of mutation]
 11658 | Lair:4   | Gained mutation: You have a pair of large horns on your head. [potion of mutation]
 11658 | Lair:4   | Gained mutation: You are resistant to hostile enchantments. (MR+) [potion of mutation]
 11738 | Lair:4   | Noticed Josephine
 11751 | Lair:4   | Killed Josephine
 12084 | Lair:5   | Found a glowing silver altar of Zin.
 12718 | Lair:5   | Found a staircase to the Slime Pits.
 12898 | Lair:6   | Entered Level 6 of the Lair of Beasts
 12905 | Lair:6   | Reached skill level 18 in Axes
 13211 | Lair:6   | Reached ***** piety under the Shining One
 13223 | Lair:6   | Reached skill level 5 in Dodging
 13245 | Lair:6   | Reached skill level 5 in Evocations
 14045 | Lair:6   | Noticed a dire elephant
 14045 | Lair:6   | Noticed a dire elephant
 14056 | Lair:6   | Killed a dire elephant
 14056 | Lair:6   | Reached XP level 14. HP: 95/124 MP: 19/19
 14379 | D:11     | Noticed VanClaymore's ghost (journeyman MfGl)
 14405 | D:11     | Killed VanClaymore's ghost
 15009 | D:11     | Found a portal to a secret trove of treasure.
 15043 | Trove    | Entered a treasure trove
 15262 | D:11     | Found Piraplun's Magic Scroll Boutique.
 15270 | D:11     | Bought a scroll of identify for 30 gold pieces
 15270 | D:11     | Bought a scroll of enchant armour for 112 gold pieces
 15270 | D:11     | Bought a scroll of enchant weapon for 112 gold pieces
 15270 | D:11     | Bought a scroll of identify for 30 gold pieces
 15860 | D:12     | Found an iron altar of Okawaru.
 16219 | D:13     | Noticed Urug
 16232 | D:13     | Killed Urug
 16261 | D:13     | Got a polished crystal plate armour
 16272 | D:13     | Identified the +4 crystal plate armour "Vutritim" {Int+2} (You acquired it on level 13 of the Dungeon)
 16333 | D:13     | Learned a level 2 spell: Blink
 16345 | D:13     | Found Qesezex's Book Shop.
 16473 | D:13     | Noticed Erolcha
 16480 | D:13     | Killed Erolcha
 16486 | D:13     | Found Koluosuq's Antique Weapon Shop.
 16892 | D:14     | Found a blossoming altar of Fedhas.
 16903 | D:14     | Found a gate to the Vaults.
 17216 | D:14     | Reached XP level 15. HP: 132/132 MP: 20/20
 17461 | D:15     | Entered Level 15 of the Dungeon
 17632 | D:15     | Found a staircase to the Depths.
 17859 | D:15     | Reached skill level 15 in Armour
 18445 | Orc:1    | Entered Level 1 of the Orcish Mines
 18446 | Orc:1    | Noticed Maurice
 18459 | Orc:1    | Killed Maurice
 18721 | Orc:1    | Noticed an orc warlord
 18733 | Orc:1    | Killed an orc warlord
 18743 | Orc:1    | Found a roughly hewn altar of Beogh.
 18919 | Orc:2    | Entered Level 2 of the Orcish Mines
 19036 | Orc:2    | Noticed an orc warlord
 19051 | Orc:2    | Killed an orc warlord
 19201 | Orc:2    | Found a roughly hewn altar of Beogh.
 19206 | Orc:2    | Found Uqoe's General Store.
 19223 | Orc:2    | Found Evorud's Antique Armour Shoppe.
 19232 | Orc:2    | HP: 4/134 [ettin/dire flail (9)]
 19588 | Orc:2    | Found a roughly hewn altar of Beogh.
 19685 | Orc:2    | Found Imnoyk's Antique Weapon Shoppe.
 19806 | Orc:2    | Found a staircase to the Elven Halls.
 19945 | Orc:2    | Found Heaskani's Book Shoppe.
 20019 | Elf:1    | Entered Level 1 of the Elven Halls
 20308 | Snake:1  | Entered Level 1 of the Snake Pit
 20844 | Snake:1  | Reached skill level 10 in Invocations
 20867 | Snake:1  | Reached XP level 16. HP: 143/143 MP: 22/22
 21699 | Snake:1  | Found Juipti's Antique Weapon Shop.
 22845 | Snake:2  | Reached ****** piety under the Shining One
 23285 | Snake:3  | Reached skill level 15 in Fighting
 23292 | Snake:3  | Reached XP level 17. HP: 99/156 MP: 23/23
 23323 | Snake:3  | Reached skill level 15 in Shields
 23733 | Snake:3  | Noticed Bai Suzhen
 23746 | Snake:3  | Killed Bai Suzhen
 24063 | Snake:4  | Entered Level 4 of the Snake Pit
 24068 | Snake:4  | Reached skill level 19 in Axes
 24084 | Snake:4  | Found Oxisebog's Distillery.
 24275 | Snake:4  | Bought a potion of ambrosia for 152 gold pieces
 24275 | Snake:4  | Bought a potion of heal wounds for 95 gold pieces
 24386 | Snake:4  | Found Xunoesk's Book Shoppe.
 24809 | Snake:4  | Found Jokatz's Antique Weapon Shop.
 24813 | Snake:4  | Found Pulegrofot's Book Emporium.
 25597 | Snake:4  | Got a serpentine rune of Zot
 25984 | Depths:1 | Entered Level 1 of the Depths
 26186 | Depths:1 | Noticed topfpfpflanze's ghost (adept MiFi)
 26209 | Depths:1 | Killed topfpfpflanze's ghost
 26260 | Depths:1 | Reached XP level 18. HP: 167/167 MP: 24/24
 26376 | Depths:1 | Noticed Louise
 26379 | Depths:1 | Found a one-way gate to the infinite horrors of the Abyss.
 26397 | Depths:1 | Killed Louise
 26459 | Depths:1 | Found Xera Tik's Jewellery Shoppe.
 26460 | Depths:1 | Found Tyusomag's Armour Shoppe.
 26467 | Depths:1 | Found Sekadeg's Food Shoppe.
 26469 | Depths:1 | Found Aliekhemu's General Store.
 26476 | Depths:1 | Bought the +1 pair of gloves "Nerulu" {rElec rPois Regen+} for 554 gold pieces
 26489 | Depths:1 | Bought 2 scrolls of teleportation for 72 gold pieces
 26625 | Depths:1 | Found a gateway to Hell.
 26705 | Depths:1 | Reached skill level 20 in Axes
 27533 | Depths:2 | Reached skill level 10 in Evocations
 27725 | Depths:2 | Found a one-way gate leading to the halls of Pandemonium.
 27954 | Depths:2 | Found Doili's Gadget Boutique.
 27954 | Depths:2 | Found Iqell's Jewellery Shoppe.
 27975 | Depths:2 | Reached XP level 19. HP: 164/179 MP: 26/26
 28179 | Depths:2 | Found Riemusytuli's Gadget Boutique.
 28191 | Depths:2 | Bought an uncursed ring of resist corrosion for 200 gold pieces
 29023 | Slime:1  | Entered Level 1 of the Pits of Slime
 29402 | Slime:2  | Reached skill level 10 in Dodging
 30041 | Slime:3  | Gained mutation: Your body sometimes deteriorates upon taking damage. [a shining eye]
 30230 | Slime:3  | Paralysed by a great orb of eyes for 3 turns
 30303 | Slime:3  | Gained mutation: You expend magic power (3 MP) to strengthen your wands. [a shining eye]
 30758 | Slime:4  | Gained mutation: Your system is resistant to poisons. (rPois) [a shining eye]
 31056 | Slime:4  | Gained mutation: You are frail. (-10% HP) [a shining eye]
 31059 | Slime:4  | Gained mutation: You occasionally shout uncontrollably at your foes. [a shining eye]
 31060 | Slime:4  | Gained mutation: You are very frail. (-20% HP) [a shining eye]
 31499 | Slime:5  | Entered Level 5 of the Pits of Slime
 31509 | Slime:5  | Gained mutation: Your body often deteriorates upon taking damage. [a shining eye]
 31533 | Slime:5  | Gained mutation: You are occasionally teleported next to monsters. [a shining eye]
 31534 | Slime:5  | Lost mutation: Your muscles are strong. (Str +2) [a shining eye]
 31566 | Slime:5  | Reached XP level 20. HP: 76/152 MP: 23/27
 31745 | Slime:5  | Reached skill level 21 in Axes
 31824 | Slime:5  | Gained mutation: You are extremely frail. (-30% HP) [a shining eye]
 31833 | Slime:5  | Noticed the Royal Jelly
 32105 | Slime:5  | Killed the Royal Jelly
 32116 | Slime:5  | HP: 7/199 [acid blob[the Royal Jelly] (23)]
 32117 | Slime:5  | HP: 3/199 [acid[the Royal Jelly] (1)]
 32119 | Slime:5  | Slain by an azure jelly

Skill      XL: |  1  2  3  4  5  6  7  8  9 10 11 12 13 14 15 16 17 18 19 20 |
---------------+-------------------------------------------------------------+-----
Armour         | 1 2 3 5 7 8 10 12 15 16 17 | 17.7
Stealth        | 2 |  2.0
Fighting       | 4 5 6 7 8 10 11 12 13 15 16 18 19 | 19.4
Axes           | 4 5 6 8 10 12 13 16 17 18 19 20 21 | 21.2
Dodging        | 4 6 9 10 | 10.0
Invocations    | 2 4 5 9 10 11 | 11.0
Shields        | 6 8 10 12 13 14 16 17 | 17.7
Evocations     | 3 4 5 6 8 10 | 10.0

Action                   |  1- 3 |  4- 6 |  7- 9 | 10-12 | 13-15 | 16-18 | 19-21 || total
-------------------------+-------+-------+-------+-------+-------+-------+-------++-------
Melee: Hand axe          |   112 |    97 |   158 |       |       |       |       ||   367
       Headbutt          |    13 |    18 |    49 |   103 |   274 |   257 |   152 ||   866
       Mace              |       |     2 |       |       |       |       |       ||     2
       Quarterstaff      |       |    21 |    47 |       |       |       |       ||    68
       Broad axe         |       |       |    67 |   431 |   909 |   983 |   429 ||  2819
       Whip              |       |       |       |    27 |    16 |       |       ||    43
       Morningstar       |       |       |       |       |   133 |       |       ||   133
Invok: Divine Shield     |       |       |     3 |     1 |     3 |     1 |       ||     8
       Summon Divine War |       |       |       |       |       |       |     4 ||     4
 Abil: Evoke Berserk Rag |       |       |       |       |     3 |     8 |     9 ||    20
Evoke: Wand              |       |       |     2 |    22 |     8 |     5 |     5 ||    42
  Use: Scroll            |       |     9 |     5 |    12 |    19 |     6 |     2 ||    53
       Potion            |       |     1 |     9 |     3 |     8 |     1 |     2 ||    24
 Stab: Sleeping          |     3 |       |       |       |       |       |       ||     3
       Invisible         |       |     2 |       |       |       |       |       ||     2
       Confused          |       |       |     1 |       |       |       |       ||     1
  Eat: Chunk             |     2 |     4 |     8 |    13 |    25 |    13 |     3 ||    68
       Ration            |       |       |     1 |     1 |     4 |     5 |     6 ||    17
Armor: Robe              |     7 |       |       |       |       |       |       ||     7
       Plate armour      |    78 |    71 |   155 |   149 |   149 |       |       ||   602
       Crystal plate arm |       |       |       |       |   188 |   349 |   202 ||   739
Dodge: Dodged            |    45 |    30 |    61 |    59 |   124 |   142 |    67 ||   528
       Deflected         |       |       |       |       |       |       |    12 ||    12
Block: Shield            |       |       |   114 |   155 |       |       |       ||   269
       Large shield      |       |       |       |    79 |   726 |   868 |   302 ||  1975
